 Dungeon Crawl Stone Soup version 0.24-a0-652-g46ecf6d (webtiles) character file.

Game seed: 10193857703486499641, levelgen mode: deterministic

3444 Dittersdorf the Spear-Bearer (level 10, 0/96 HPs)
             Began as a Merfolk Fighter on Sept 26, 2019.
             Was a Priest of Okawaru.
             Succumbed to a hornet's poison
             ... on level 8 of the Dungeon.
             The game lasted 00:19:43 (8670 turns).

Dittersdorf the Spear-Bearer (Merfolk Fighter)      Turns: 8670, Time: 00:19:44

Health: 0/96       AC: 13    Str: 19    XL:     10   Next: 5%
Magic:  10/10      EV:  9    Int:  8    God:    Okawaru [***...]
Gold:   354        SH: 11    Dex: 17    Spells: 9/9 levels left

rFire    . . .     SeeInvis .   a - +0 trident
rCold    + . .     Gourm    .   c - +0 shield
rNeg     . . .     Faith    .   J - +1 chain mail {rC+}
rPois    .         Spirit   .   m - +0 helmet
rElec    .         Reflect  .   u - scarf {repulsion}
rCorr    .         Harm     .   E - +0 pair of gloves
MR       .....                  (no boots)
Stlth    ..........             H - amulet of Vitality {Regen+ HP+15}
HPRegen  0.66/turn              K - +3 ring of dexterity
MPRegen  0.12/turn              q - +3 ring of evasion

@: lethally poisoned (0 -> -13), slowed, repel missiles, very slow
A: change form in water, swift swim, stealthy swim
a: Heroism, Renounce Religion


You were on level 8 of the Dungeon.
You worshipped Okawaru.
Okawaru was most pleased with you.
You were not hungry.

You visited 2 branches of the dungeon, and saw 9 of its levels.

You collected 404 gold pieces.
You spent 50 gold pieces at shops.

Inventory:

Hand Weapons
 a - a +0 trident (weapon)
Missiles
 z - 16 poisoned darts (quivered)
Armour
 c - a +0 shield (worn)
 m - a +0 helmet (worn)
 u - a scarf of repulsion (worn)
 E - a +0 pair of gloves (worn)
 J - a +1 chain mail of cold resistance (worn)
Jewellery
 q - a +3 ring of evasion (right hand)
 C - an uncursed ring of flight
 H - the amulet of Vitality (around neck) {Regen+ HP+15}
   (You found it on level 6 of the Dungeon)

   [amulet of regeneration]

   It affects your health (+15).
   It increases your rate of regeneration.
 K - a +3 ring of dexterity (left hand)
 L - an uncursed ring of ice {unknown}
Wands
 b - a wand of disintegration (18)
 B - a wand of iceblast (13)
 M - a wand of digging (5)
Scrolls
 e - 2 scrolls of immolation {unknown}
 g - 5 scrolls of teleportation
 h - 7 scrolls of remove curse
 j - 2 scrolls of enchant weapon {unknown}
 k - 2 scrolls of amnesia {unknown}
 p - 2 scrolls of identify
 r - 2 scrolls of random uselessness {unknown}
 t - 4 scrolls of magic mapping {unknown}
 w - a scroll of noise {unknown}
 y - a scroll of fog {unknown}
 D - a scroll of fear {unknown}
 G - a scroll of summoning {unknown}
Potions
 d - 2 potions of might
 i - a potion of mutation
 l - a potion of resistance
 o - a potion of brilliance
 s - a potion of ambrosia
 x - a potion of lignification
 A - a potion of cancellation
 F - a potion of haste
Comestibles
 f - 8 rations
 n - 4 chunks of flesh


   Skills:
 + Level 8.3 Fighting
 + Level 10.3 Polearms
 + Level 5.7 Armour
 + Level 7.7 Shields


You had 9 spell levels left.
You didn't know any spells.
Your spell library contained the following spells:

 Spells                   Type           Power        Failure   Level  Hunger
 Flame Tongue             Conj/Fire      #....        100%        1    ##.....
 Summon Small Mammal      Summ           #...         100%        1    ##.....
 Call Imp                 Summ           #.......     100%        2    ###....
 Throw Flame              Conj/Fire      #.....       100%        2    ###....
 Call Canine Familiar     Summ           #.......     100%        3    ####...
 Conjure Flame            Conj/Fire      #.......     100%        3    ####...
 Inner Flame              Hex/Fire       #.......     100%        3    ####...
 Summon Guardian Golem    Hex/Summ       #.......     100%        3    ####...
 Sticky Flame             Conj/Fire      #.......     100%        4    #####..
 Summon Ice Beast         Ice/Summ       #.......     100%        4    #####..
 Summon Lightning Spire   Summ/Air       #.......     100%        4    #####..
 Fireball                 Conj/Fire      #.........   100%        5    ######.


Dungeon Overview and Level Annotations

Branches:
Dungeon (8/15)             Temple (1/1) D:5            Lair (0/6) D:8

Altars:
Ashenzari
Cheibriados
Fedhas
Gozag
Hepliaklqana
Makhleb
Nemelex Xobeh
Okawaru
Qazlal
Ru
Trog
Uskayaw
Vehumet
Wu Jian
Xom
Yredelemnul
Zin
The Shining One

Shops:
D:4 *


Message History

You feel very sick.
The hornet stings you but does no damage.
The hornet closely misses you.
You feel very sick. You block the hornet's attack.
You feel very sick.
The hornet stings you but does no damage.
You block the hornet's attack.
You feel very sick. The hornet stings you!
* * * LOW HITPOINT WARNING * * *
You feel as though you will be slow longer.
You feel sick. The hornet barely misses you.
You feel very sick. You block the hornet's attack. The hornet stings you!
* * * LOW HITPOINT WARNING * * *
You are more poisoned.
You feel as though you will be slow longer.
There is a stone staircase leading up, spattered with blood here.
You die...

#†##.##
#.# .# #
#.# # #.
#.#
#..#.#
#....###
#.....Y#
######y#
#....@#
#.#.###
.<. #..
....
####


You could see a hornet and an ice beast.

Vanquished Creatures
  A death yak (D:7)
  Pikel (D:6)
  A hippogriff (D:7)
  A basilisk (D:7)
  Duvessa (D:7)
  2 slaves (D:6)
  An orc warrior (D:6)
  A sky beast (D:7)
  A necrophage (D:7)
  5 ogres
  A centaur (D:7)
  A crocodile (D:8)
  A big kobold (D:4)
  A bullfrog (D:7)
  Dowan (D:7)
  2 scorpions
  A crimson imp (D:5)
  A bullfrog zombie (D:5)
  A bullfrog skeleton (D:4)
  4 orc priests
  A hound (D:6)
  4 orc wizards (D:5)
  Jessica (D:2)
  An iguana (D:6)
  3 worker ants
  A hound skeleton (D:5)
  Robin (D:1)
  A worker ant zombie (D:5)
  4 gnolls (D:6)
  8 adders
  A shadow imp (D:5)
  2 oozes
  3 adder zombies
  3 worms
  A dart slug (D:2)
  20 orcs
  A ball python (D:3)
  2 giant cockroaches (D:1)
  12 goblins
  13 hobgoblins
  8 jackals
  32 kobolds
  4 quokkas
  6 bats
  A leopard gecko skeleton (D:4)
  6 rats
169 creatures vanquished.

Notes
Turn   | Place    | Note
-------+----------+-------------------------------------------
     0 | D:1      | Dittersdorf the Merfolk Fighter began the quest for the
                  | Orb.
     0 | D:1      | Reached XP level 1. HP: 18/18 MP: 1/1
   395 | D:1      | Found a sparkling altar of Nemelex Xobeh.
   539 | D:1      | Reached XP level 2. HP: 24/24 MP: 2/2
   802 | D:2      | Noticed Robin
   996 | D:1      | Killed Robin
   996 | D:1      | Reached XP level 3. HP: 18/30 MP: 3/3
  1248 | D:2      | Noticed Jessica
  1263 | D:2      | Killed Jessica
  1263 | D:2      | Reached skill level 4 in Polearms
  1263 | D:2      | Reached XP level 4. HP: 3/37 MP: 4/4
  1596 | D:2      | Found a shimmering altar of Xom.
  2113 | D:3      | Reached XP level 5. HP: 42/42 MP: 5/5
  2607 | D:3      | Noticed an ogre
  3285 | D:3      | Found a stormy altar of Qazlal.
  3719 | D:4      | Noticed an ogre
  3730 | D:4      | Killed an ogre
  3730 | D:4      | Reached skill level 5 in Polearms
  3730 | D:4      | Reached XP level 6. HP: 33/49 MP: 6/6
  3866 | D:4      | Found Vyukh's Assorted Antiques.
  3869 | D:4      | Bought a ring of evasion for 50 gold pieces
  4444 | D:4      | Reached skill level 5 in Fighting
  4444 | D:4      | Reached XP level 7. HP: 55/56 MP: 7/7
  5054 | D:3      | Reached skill level 6 in Polearms
  5099 | D:5      | Entered Level 5 of the Dungeon
  5109 | D:5      | Found a staircase to the Ecumenical Temple.
  5119 | Temple   | Entered the Ecumenical Temple
  5170 | Temple   | Became a worshipper of Warmaster Okawaru
  5194 | D:5      | Reached skill level 5 in Shields
  5364 | D:5      | Reached XP level 8. HP: 30/64 MP: 8/8
  5807 | D:5      | Reached skill level 7 in Polearms
  5973 | D:5      | Reached * piety under Okawaru
  6242 | D:6      | Found the amulet of Vitality {Regen+ HP+15}
  6453 | D:6      | Found a basalt altar of Yredelemnul.
  6538 | D:6      | Found a burning altar of Makhleb.
  6715 | D:6      | Found an ornate altar of the Wu Jian Council.
  6982 | D:6      | Found a bloodstained altar of Trog.
  7102 | D:7      | Noticed Duvessa
  7102 | D:7      | Noticed Dowan
  7135 | D:7      | Killed Duvessa
  7148 | D:7      | Killed Dowan
  7284 | D:7      | Reached skill level 8 in Polearms
  7306 | D:7      | Found a blossoming altar of Fedhas.
  7390 | D:7      | Reached ** piety under Okawaru
  7590 | D:7      | Noticed Pikel
  7606 | D:7      | Reached XP level 9. HP: 71/71 MP: 9/9
  7751 | D:6      | Killed Pikel
  7751 | D:6      | Reached skill level 9 in Polearms
  7751 | D:6      | Reached skill level 5 in Armour
  8350 | D:8      | Noticed a death yak
  8393 | D:7      | HP: 4/87 [death yak (21)]
  8395 | D:7      | Killed a death yak
  8395 | D:7      | Reached *** piety under Okawaru
  8395 | D:7      | Reached skill level 10 in Polearms
  8573 | D:7      | Reached XP level 10. HP: 65/80 MP: 10/10
  8638 | D:8      | Found a staircase to the Lair.
  8644 | D:8      | Paralysed by a hornet for 2 turns
  8659 | D:8      | Paralysed by a hornet for 3 turns
  8669 | D:8      | HP: 2/96 [hornet (11)]
  8670 | D:8      | Succumbed to a hornet's poison

Levels and vault maps discovered:
D:1:      minmay_arrival_wavy_path, layout_loops_ring, minmay_misc_feat_tower,
          nemelex_xobeh_ov_fountains_minmay
D:2:      layout_rooms, lemuel_crystal_altar, item_on_display_a, uniq_robin,
          uniq_jessica
D:3:      layout_basic, nicolae_qazlal_eye_of_the_storm, first_ration
D:4:      kennysheep_kobold_camp, layout_basic, serial_shops, kennysheep_mini
D:5:      layout_basic, minmay_temple_entry_large_hall
D:6:      layout_loops_ring, grunt_temple_overflow_open,
          makhleb_heckhound_becter, lemuel_crystal_altar
D:7:      layout_gridville, fedhas_altar_3, uniq_duvessa, uniq_pikel
D:8:      wander_kiku_kobolds, layout_basic, david_lair_generic, special_room
          [special_room_orc], serial_shops, shop
Temple:   dshaligram_water_room_temple

Skill      XL: |  1  2  3  4  5  6  7  8  9 |
---------------+----------------------------+-----
Polearms       | 4 5 6 8 10 | 10.3
Fighting       | 4 5 6 8 |  8.3
Armour         | 3 4 5 |  5.7
Shields        | 4 5 6 7 |  7.7

Action                   |  1- 3 |  4- 6 |  7- 9 | 10-12 || total
-------------------------+-------+-------+-------+-------++-------
Melee: Trident           |   120 |   328 |   501 |    22 ||   971
Throw: Dart              |       |       |    17 |       ||    17
Invok: Heroism           |       |       |     1 |       ||     1
  Use: Scroll            |     2 |       |    11 |       ||    13
       Potion            |       |       |     2 |     1 ||     3
  Eat: Chunk             |     1 |     6 |    14 |     2 ||    23
       Ration            |       |     1 |       |       ||     1
Armor: Scale mail        |    42 |   116 |    53 |       ||   211
       Chain mail        |       |       |    64 |    10 ||    74
Dodge: Dodged            |    19 |    92 |   155 |    11 ||   277
       Deflected         |       |       |     6 |       ||     6
Block: Shield            |    44 |   158 |   193 |    15 ||   410
       Reflection        |       |       |     3 |       ||     3

Table legend:
 A = Non-vault XP
 B = Vault XP
 C = Vault XP percentage of total XP
 D = Non-vault monster count
 E = Vault monster count
 F = Vault count percentage of total count
                 A         B        C        D         E       F
            +---------+---------+-------+---------+---------+-------
      Total |    2325 |    2596 |  52.8 |     125 |      42 |  25.1
            +---------+---------+-------+---------+---------+-------
        D:1 |      18 |      24 |  57.1 |      10 |       6 |  37.5
        D:2 |      48 |      49 |  50.5 |      24 |       7 |  22.6
        D:3 |     213 |       0 |   0.0 |      27 |       0 |   0.0
        D:4 |     290 |     124 |  30.0 |      14 |      21 |  60.0
        D:5 |     764 |       0 |   0.0 |      29 |       0 |   0.0
        D:6 |     274 |     725 |  72.6 |      10 |       2 |  16.7
        D:7 |     718 |    1574 |  68.7 |      11 |       5 |  31.2
        D:8 |       0 |     100 | 100.0 |       0 |       1 | 100.0
            +---------+---------+-------+---------+---------+-------
